 Dungeon Sprint DCSS version 0.30-a0-223-gcb0039aa0c (webtiles) character file.

Game seed: 14800424457743322312

1336 rocky1 the Nimble (level 8, -12/71 HPs)
             Began as a Gnoll Monk on Oct 10, 2022.
             Was an Elder of Okawaru.
             Mangled by a vampire knight
             ... wielding a +3 glaive of protection
              (29 damage)
             ... in the Dungeon (Sprint VII: "The Pits").
             The game lasted 00:04:15 (1900 turns).

rocky1 the Nimble (Gnoll Monk)                      Turns: 1900, Time: 00:04:16

Health: -12/71     AC: 20    Str: 13    XL:     8   Next: 61%
Magic:  11/18      EV: 15    Int:  9    God:    Okawaru [****..]
Gold:   0          SH:  0    Dex: 15    Spells: 20/20 levels left

rFire   . . .      SeeInvis .    t - +2 halberd (protect)
rCold   . . .      Faith    .    (shield currently unavailable)
rNeg    . . .      Spirit   .    m - +3 scale mail
rPois   .          Reflect  .    (no helmet)
rElec   .          Harm     .    (no cloak)
rCorr   .          Rampage  .    (no gloves)
Will    .....      NoTele   +    r - +0 pair of boots
Stlth   ++++......               (no amulet)
HPRegen 0.31/turn                (no ring)
MPRegen 0.16/turn                (no ring)

@: mighty, heroic, finesse-ful, under a protective aura
A: fangs 1, strong nose, distributed training
a: Renounce Religion, Heroism, Finesse


You were in the Dungeon.
You worshipped Okawaru.
Okawaru was greatly pleased with you.
You visited 1 branch

Inventory:

Hand Weapons
 a - a +0 trident of freezing
 n - a +1 vorpal trident
 t - a +2 halberd of protection (weapon)
 u - a +2 scimitar of flaming
 v - a +4 quarterstaff of holy wrath
Missiles
 w - 6 javelins (quivered)
Armour
 b - a +0 robe
 m - a +3 scale mail (worn)
 r - a +0 pair of boots (worn)
 s - a +3 plate armour
Jewellery
 j - a +3 ring of dexterity
 o - a +3 ring of dexterity
Scrolls
 i - a scroll of blinking
 l - 5 scrolls of amnesia
Potions
 c - a potion of ambrosia
 d - 6 potions of curing
 e - 12 potions of heal wounds
 f - 2 potions of haste
 g - 4 potions of magic
 h - 2 potions of berserk rage
 k - 2 potions of invisibility
 q - a potion of mutation


   Skills:
 + Level 9.6(14.6) Fighting
 + Level 6.9(11.9) Short Blades
 + Level 6.9(11.9) Long Blades
 + Level 6.9(11.9) Axes
 + Level 6.9(11.9) Maces & Flails
 + Level 9.6(14.6) Polearms
 + Level 6.9(11.9) Staves
 + Level 6.9(11.9) Ranged Weapons
 + Level 6.9(11.9) Throwing
 + Level 6.9(11.9) Armour
 + Level 9.6(14.6) Dodging
 + Level 8.2(13.2) Stealth
 + Level 6.9(11.9) Shields
 + Level 6.9(11.9) Unarmed Combat
 + Level 6.9 Spellcasting
 + Level 5.7 Conjurations
 + Level 5.7 Hexes
 + Level 5.7 Summonings
 + Level 5.7 Necromancy
 + Level 5.7 Translocations
 + Level 5.7 Transmutations
 + Level 5.7 Fire Magic
 + Level 5.7 Ice Magic
 + Level 5.7 Air Magic
 + Level 5.7 Earth Magic
 + Level 5.7 Poison Magic
 + Level 7.6 Invocations
 + Level 6.9 Evocations


You had 20 spell levels left.
You didn't know any spells.
Your spell library was empty.

Dungeon Overview and Level Annotations

Branches:
Dungeon (1/1)

Altars:
Ashenzari
Cheibriados
Dithmenos
Elyvilon
Fedhas
Gozag
Hepliaklqana
Kikubaaqudgha
Makhleb
Nemelex Xobeh
Okawaru
Qazlal
Ru
Sif Muna
Trog
Uskayaw
Vehumet
Wu Jian
Xom
Yredelemnul
Zin
The Shining One
Jiyva
Lugonu


Innate Abilities, Weirdness & Mutations

You have very sharp teeth.
Your uncanny sense of smell can sniff out nearby items.
Your experience applies equally to all skills.


Message History

You open the huge gate.
There is a huge open gate to the Metal Vault (Medium) here.
There is a huge open gate to the Metal Vault (Medium) here.
Things that are here:
a +4 broad axe; a +0 scale mail; a rat corpse A rime drake and a vampire knight come into view.
The vampire knight is wielding a +3 glaive of protection.
The vampire knight shouts!
The rime drake hisses angrily.
The rime drake breathes ice at you. The flash freeze hits you!
You are encased in ice.
Unknown command.
Okay, then.
You gain the combat prowess of a mighty hero.
The vampire knight mumbles some strange words.
The vampire knight flickers and vanishes!
Deactivating autopickup; reactivate with Ctrl-A.
You can now deal lightning-fast blows.
The ice encasing you melts away. The rime drake misses you.
Unknown command.
You feel very mighty all of a sudden. Something hits you!!
The rime drake barely misses you.
You closely miss the rime drake. Something hits you!!
* * * LOW HITPOINT WARNING * * *
The rime drake bites you but does no damage.
Unknown command.
You feel much better.
The rime drake bites you but does no damage.
Something hits you!
* * * LOW HITPOINT WARNING * * *
Unknown command.
You slash the rime drake!
Your weapon exudes an aura of protection.
The rime drake is moderately wounded.
You closely miss the rime drake.
The rime drake is moderately wounded.
The rime drake bites you but does no damage.
Something hits you!!
You die...

...##.......##..##
...##.......##...##
#####...<...###...##+##.
)..##.......# ##).......
)..##.......###..###+###
#####.......##..##
#..###########..+
#)############..##
#[#....#...[###.@#
#)#....#...[# ##k.......
#.'....'...)# .{.##+##.
#'#....#..))# ...##
'.#....#....##..##
################


You could see a rime drake.

Vanquished Creatures
  Urug (D)
  A blink frog (D)
  A floating eye (D)
  A wolf (D)
  A bullfrog (D)
  2 scorpions (D)
  A gnoll sergeant (D)
  A crimson imp (D)
  An orc wizard (D)
  An adder (D)
  3 gnolls (D)
  3 river rats (D)
  An ufetubus (D)
  An adder zombie (D)
  A worm (D)
  3 orcs (D)
  A bat (D)
  A giant cockroach (D)
  A goblin (D)
  A hobgoblin (D)
  A ball python (D)
  A quokka skeleton (D)
  A rat (D)
30 creatures vanquished.

Notes
Turn   | Place    | Note
-------+----------+-------------------------------------------
     0 | D        | rocky1 the Gnoll Monk began the quest for the Orb.
     0 | D        | Reached XP level 1. HP: 23/23 MP: 1/1
    22 | D        | Reached skill level 1 in Short Blades
    22 | D        | Reached skill level 1 in Long Blades
    22 | D        | Reached skill level 1 in Axes
    22 | D        | Reached skill level 1 in Maces & Flails
    22 | D        | Reached skill level 1 in Staves
    22 | D        | Reached skill level 1 in Ranged Weapons
    22 | D        | Reached skill level 1 in Throwing
    22 | D        | Reached skill level 1 in Armour
    22 | D        | Reached skill level 1 in Shields
    22 | D        | Reached skill level 1 in Unarmed Combat
    22 | D        | Reached skill level 1 in Spellcasting
    22 | D        | Reached skill level 1 in Conjurations
    22 | D        | Reached skill level 1 in Hexes
    22 | D        | Reached skill level 1 in Summonings
    22 | D        | Reached skill level 1 in Necromancy
    22 | D        | Reached skill level 1 in Translocations
    22 | D        | Reached skill level 1 in Transmutations
    22 | D        | Reached skill level 1 in Fire Magic
    22 | D        | Reached skill level 1 in Ice Magic
    22 | D        | Reached skill level 1 in Air Magic
    22 | D        | Reached skill level 1 in Earth Magic
    22 | D        | Reached skill level 1 in Poison Magic
    22 | D        | Reached skill level 1 in Invocations
    22 | D        | Reached skill level 1 in Evocations
    22 | D        | Reached XP level 2. HP: 19/29 MP: 1/3
    51 | D        | Found a bloodstained altar of Trog.
    51 | D        | Found a shimmering blue altar of Sif Muna.
    51 | D        | Found a viscous altar of Jiyva.
    51 | D        | Found a hazy altar of Hepliaklqana.
    51 | D        | Found an opulent altar of Gozag.
    52 | D        | Found a glowing golden altar of the Shining One.
    52 | D        | Found a glowing silver altar of Zin.
    52 | D        | Found a basalt altar of Yredelemnul.
    52 | D        | Found a shimmering altar of Xom.
    52 | D        | Found an ornate altar of the Wu Jian Council.
    52 | D        | Found a sacrificial altar of Ru.
    52 | D        | Found a stormy altar of Qazlal.
    52 | D        | Found an iron altar of Okawaru.
    52 | D        | Found a sparkling altar of Nemelex Xobeh.
    52 | D        | Found a burning altar of Makhleb.
    52 | D        | Found a blossoming altar of Fedhas.
    52 | D        | Found a white marble altar of Elyvilon.
    52 | D        | Found a shadowy altar of Dithmenos.
    52 | D        | Found a snail-covered altar of Cheibriados.
    55 | D        | Found a corrupted altar of Lugonu.
    55 | D        | Found a radiant altar of Vehumet.
    56 | D        | Found an ancient bone altar of Kikubaaqudgha.
    56 | D        | Found a hide-covered altar of Uskayaw.
    56 | D        | Found a broken altar of Ashenzari.
    60 | D        | Became a worshipper of Warmaster Okawaru
    60 | D        | Reached * piety under Okawaru
    60 | D        | Reached ** piety under Okawaru
   103 | D        | Noticed a floating eye
   107 | D        | Paralysed by a floating eye for 4 turns
   115 | D        | Killed a floating eye
   116 | D        | Reached skill level 5 in Stealth
   116 | D        | Reached XP level 3. HP: 36/36 MP: 3/7
   116 | D        | Reached XP level 4. HP: 43/43 MP: 3/8
   116 | D        | Reached XP level 5. HP: 48/48 MP: 3/9
   614 | D        | Noticed a wolf
   623 | D        | Killed a wolf
   624 | D        | Reached skill level 5 in Invocations
   624 | D        | Reached XP level 6. HP: 56/56 MP: 12/12
   626 | D        | Reached *** piety under Okawaru
   805 | D        | Noticed a blink frog
   945 | D        | Killed a blink frog
   946 | D        | Reached skill level 5 in Short Blades
   946 | D        | Reached skill level 5 in Long Blades
   946 | D        | Reached skill level 5 in Axes
   946 | D        | Reached skill level 5 in Maces & Flails
   946 | D        | Reached skill level 5 in Staves
   946 | D        | Reached skill level 5 in Ranged Weapons
   946 | D        | Reached skill level 5 in Throwing
   946 | D        | Reached skill level 5 in Armour
   946 | D        | Reached skill level 5 in Shields
   946 | D        | Reached skill level 5 in Unarmed Combat
   946 | D        | Reached skill level 5 in Spellcasting
   946 | D        | Reached skill level 5 in Evocations
   946 | D        | Reached XP level 7. HP: 39/63 MP: 13/15
  1251 | D        | Reached skill level 5 in Conjurations
  1251 | D        | Reached skill level 5 in Hexes
  1251 | D        | Reached skill level 5 in Summonings
  1251 | D        | Reached skill level 5 in Necromancy
  1251 | D        | Reached skill level 5 in Translocations
  1251 | D        | Reached skill level 5 in Transmutations
  1251 | D        | Reached skill level 5 in Fire Magic
  1251 | D        | Reached skill level 5 in Ice Magic
  1251 | D        | Reached skill level 5 in Air Magic
  1251 | D        | Reached skill level 5 in Earth Magic
  1251 | D        | Reached skill level 5 in Poison Magic
  1271 | D        | Reached **** piety under Okawaru
  1682 | D        | Noticed Urug
  1698 | D        | Killed Urug
  1699 | D        | Reached XP level 8. HP: 20/71 MP: 10/18
  1893 | D        | Noticed a rime drake
  1893 | D        | Noticed a vampire knight
  1900 | D        | Mangled by a vampire knight

Illustrated notes

Levels and vault maps discovered:
D:        pitsprint [storerooms_1, entrance_room_1, metal_vault_5, armoury_3,
          mini_pit_1, grid_room_1, main_hall_1, silver_pit, the_coven_1,
          the_vestibule_1, steel_vault_4, golden_pit, hallway_of_sentries,
          crystal_vault_4, iron_vault_3, final_vault]

Skill      XL: |  1  2  3  4  5  6  7 |
---------------+----------------------+-----
Short Blades   | 1 3 4 5 6 |  6.9
Long Blades    | 1 3 4 5 6 |  6.9
Axes           | 1 3 4 5 6 |  6.9
Maces & Flails | 1 3 4 5 6 |  6.9
Staves         | 1 3 4 5 6 |  6.9
Ranged Weapons | 1 3 4 5 6 |  6.9
Throwing       | 1 3 4 5 6 |  6.9
Armour         | 1 3 4 5 6 |  6.9
Shields        | 1 3 4 5 6 |  6.9
Unarmed Combat | 1 3 4 5 6 |  6.9
Spellcasting   | 1 3 4 5 6 |  6.9
Conjurations   | 1 2 3 4 5 |  5.7
Hexes          | 1 2 3 4 5 |  5.7
Summonings     | 1 2 3 4 5 |  5.7
Necromancy     | 1 2 3 4 5 |  5.7
Translocations | 1 2 3 4 5 |  5.7
Transmutations | 1 2 3 4 5 |  5.7
Fire Magic     | 1 2 3 4 5 |  5.7
Ice Magic      | 1 2 3 4 5 |  5.7
Air Magic      | 1 2 3 4 5 |  5.7
Earth Magic    | 1 2 3 4 5 |  5.7
Poison Magic   | 1 2 3 4 5 |  5.7
Invocations    | 1 3 5 6 7 |  7.6
Evocations     | 1 3 4 5 6 |  6.9
Fighting       | 7 8 9 |  9.6
Polearms       | 7 8 9 |  9.6
Dodging        | 7 8 9 |  9.6
Stealth        | 5 6 7 8 |  8.2

Action                   |  1- 3 |  4- 6 |  7- 9 || total
-------------------------+-------+-------+-------++-------
Melee: Spear             |     7 |       |       ||     7
       Bite              |     1 |     4 |     8 ||    13
       Trident           |    10 |    57 |    59 ||   126
       Punch             |     1 |     2 |     3 ||     6
       Halberd           |       |       |    28 ||    28
Invok: Heroism           |       |       |     2 ||     2
       Finesse           |       |       |     2 ||     2
  Use: Potion            |       |     1 |     4 ||     5
 Stab: Sleeping          |     3 |     4 |     1 ||     8
Armor: Scale mail        |       |     7 |    13 ||    20
Dodge: Dodged            |     3 |    23 |    44 ||    70

Table legend: (Time is in decaauts)
 A = Elapsed time spent in this place.
 B = Non-inter-level travel time spent in this place.
 C = Inter-level travel time spent in this place.
 D = Time resting spent in this place.
 E = Time spent auto-exploring this place.
 F = Levels seen in this place.
 G = Mean time per level.
                   A        B        C        D        E       F      G
               +--------+--------+--------+--------+--------+-----+--------+
         Total |   1876 |   1820 |     56 |   1385 |      0 |   1 | 1876.0 |
       Dungeon |   1876 |   1820 |     56 |   1385 |      0 |   1 | 1876.0 |
               +--------+--------+--------+--------+--------+-----+--------+

Top non-repeatable levels by time:
       D: 1876 daAuts
